 Dungeon Crawl Stone Soup version 0.31-a0-675-g238779e (webtiles) character file.

Game seed: 17980173561180542133

43162 Rogue the Jinx (level 13, -17/60 HPs)
             Began as a Felid Enchanter on Sept 4, 2023.
             Was a High Priest of Sif Muna.
             Killed from afar by a fire dragon (44 damage)
             ... with a blast of flame
             ... on level 5 of the Lair of Beasts on Sept 5, 2023.
             The game lasted 03:03:10 (20772 turns).

Rogue the Jinx (Felid Enchanter)                   Turns: 20772, Time: 03:03:10

Health: -17/60     AC:  3    Str:  4    XL:     13   Next: 89%
Magic:  25/38      EV: 21    Int: 26    God:    Sif Muna [*****.]
Gold:   868        SH:  5    Dex: 25    Spells: 0/35 levels left
                                        Lives:  0   Deaths: 4

rFire   . .          .
                       - Unarmed
rCold   + . .        (shield unavailable)
rNeg    . . .        (body armour unavailable)
rPois   .            (helmet unavailable)
rElec   .            (cloak unavailable)
rCorr   .            (gloves unavailable)
SInv    +            (boots unavailable)
Will    +....        o - amulet of reflection
Stlth   ++++++       f - ring "Qiqakk" {Contam MP+9 Dex+7 Stlth+}
HPRegen 0.30/turn    C - +6 ring of intelligence
MPRegen 0.26/turn

%: reflection
@: quick
A: very small, claws 1, fangs 3, see invisible, speed 1, shaggy fur 3, stealthy
paws, no weapons or thrown items, no armour, multi-lived
a: Renounce Religion, Channel Magic, Forget Spell, Divine Exegesis


You were on level 5 of the Lair of Beasts.
You worshipped Sif Muna.
Sif Muna was extremely pleased with you.
You visited 3 branches of the dungeon, and saw 16 of its levels.
You also visited: Sewer, Ossuary and Volcano.

You collected 868 gold pieces.

Inventory:

Jewellery
 f - the ring "Qiqakk" (left paw) {Contam MP+9 Dex+7 Stlth+}
   (You found it on level 3 of the Dungeon)

   [ring of magical power]

   Dex+7:     It affects your dexterity (+7).
   MP+9:      It affects your magic capacity (+9).
   Contam:    It causes magical contamination when unequipped.
   Stlth+:    It makes you more stealthy.
 n - a +6 ring of dexterity
 o - an amulet of reflection (around neck)
 u - a ring of protection from fire
 C - a +6 ring of intelligence (right paw)
 F - an amulet of the acrobat
 H - a +6 ring of strength
 M - a +6 ring of strength
Talismans
 p - a serpent talisman
Wands
 q - a wand of digging (2)
 v - a wand of roots (9)
 A - a wand of polymorph (9)
 J - a wand of acid (7)
Scrolls
 g - a scroll of fog {unknown}
 i - 3 scrolls of torment
 j - 2 scrolls of immolation
 l - 8 scrolls of fear
 s - a scroll of enchant armour {unknown}
 t - 4 scrolls of teleportation
 x - 2 scrolls of revelation
 y - a scroll of blinking {unknown}
 G - 3 scrolls of vulnerability
 I - a scroll of amnesia
 K - a scroll of brand weapon {unknown}
 L - a scroll of silence {unknown}
 P - 2 scrolls of poison {unknown}
 Q - a scroll of noise {unknown}
 R - a scroll of acquirement {unknown}
Potions
 a - 3 potions of invisibility
 b - 10 potions of curing
 c - 6 potions of brilliance
 d - a potion of attraction
 e - 3 potions of resistance
 h - 6 potions of heal wounds
 k - 2 potions of mutation
 m - 4 potions of might
 r - 4 potions of lignification
 w - 2 potions of berserk rage
 z - 2 potions of magic
 D - a potion of haste {unknown}
 E - a potion of cancellation {unknown}
 O - a potion of ambrosia {unknown}


   Skills:
 * Level 8.8 Fighting
 + Level 5.2 Dodging
 + Level 11.3 Stealth
 + Level 5.5 Unarmed Combat
 * Level 11.8 Spellcasting
 + Level 0.6 Conjurations
 + Level 14.3 Hexes
 * Level 7.8 Summonings
 + Level 0.2 Translocations
 * Level 6.3 Ice Magic
 + Level 1.5 Air Magic
 + Level 0.1 Poison Magic
 * Level 7.7 Invocations
 + Level 1.7 Evocations


You couldn't memorise any spells.
You knew the following spells:

 Your Spells              Type           Power      Damage    Failure   Level
a - Ensorcelled Hibernat  Hex/Ice        100%       N/A       1%          2
b - Confusing Touch       Hex            74%        N/A       1%          3
c - Tukima's Dance        Hex            74%        N/A       1%          3
d - Summon Guardian Gole  Hex/Summ       64%        N/A       1%          3
e - Blink                 Tloc           32%        N/A       5%          2
f - Dazzling Flash        Conj/Hex       100%       N/A       1%          3
g - Ozocubu's Armour      Ice            48%        N/A       1%          3
h - Metabolic Englaciati  Hex/Ice        31%        N/A       1%          5
i - Slow                  Hex            100%       N/A       0%          1
j - Vampiric Draining     Necr           15%        2d7       12%         3
k - Summon Lightning Spi  Summ/Air       39%        N/A       5%          4
l - Mephitic Cloud        Conj/Pois/Air  19%        N/A       9%          3

Your spell library contained the following spells:

 Spells                   Type           Power      Damage    Failure   Level
 Summon Small Mammal      Summ           100%       N/A       1%          1
 Call Imp                 Summ           100%       N/A       1%          2
 Call Canine Familiar     Summ           54%        N/A       1%          3
 Inner Flame              Hex/Fire       51%        N/A       1%          3
 Fulminant Prism          Conj/Hex       26%        3d13      1%          4
 Leda's Liquefaction      Hex/Erth       25%        N/A       1%          4
 Summon Ice Beast         Ice/Summ       51%        N/A       1%          4
 Hailstorm                Conj/Ice       33%        3d8       2%          3
 Foxfire                  Conj/Fire      68%        2x1d7     3%          1
 Magic Dart               Conj           72%        1d6       3%          1
 Static Discharge         Conj/Air       42%        2-4/arc   3%          2
 Searing Ray              Conj           36%        2d5       4%          2
 Yara's Violent Unravell  Hex/Tmut       25%        3d11      5%          5
 Swiftness                Air            23%        N/A       6%          3
 Enfeeble                 Hex            37%        N/A       9%          7
 Vhi's Electric Charge    Tloc/Air       40%        N/A       26%         4
 Flame Wave               Conj/Fire      17%        2d7       32%         4
 Sticky Flame             Conj/Fire      17%        2d4       32%         4
 Manifold Assault         Tloc           16%        N/A       34%         4
 Passage of Golubria      Tloc           16%        N/A       34%         4
 Lee's Rapid Deconstruct  Erth           7%         3d7*      71%         5
 Simulacrum               Ice/Necr       15%        N/A       85%         6
 Ozocubu's Refrigeration  Ice            24%        4d12      94%         7
 Dispersal                Tloc           8%         N/A       99%         6
 Leda's Unmaking          Conj/Erth      8%         9d2       99%         6
 Plasma Beam              Fire/Air       9%         2x1d20    99%         6
 Starburst                Conj/Fire      8%         6d4       99%         6
 Death's Door             Necr           7%         N/A       100%        9


Dungeon Overview and Level Annotations

Branches:
Dungeon (10/15)            Temple (1/1) D:5            Lair (5/5) D:10
 Shoals (0/4) Lair:2        Snake (0/4) Lair:2        Slime (0/5) Lair:5
    Orc (0/2) D:10          Sewer (visited)         Ossuary (visited)
Volcano (visited)

Altars:
Ashenzari
Cheibriados
Dithmenos
Elyvilon
Fedhas
Gozag
Hepliaklqana
Kikubaaqudgha
Makhleb
Nemelex Xobeh
Okawaru
Qazlal
Ru
Sif Muna
Trog
Uskayaw
Vehumet
Wu Jian
Xom
Yredelemnul
Zin
The Shining One
Jiyva

Shops:
D:4 :

Annotations:
Lair:5 1 runed translucent door


Innate Abilities, Weirdness & Mutations

You have sharp claws.
You have razor-sharp teeth.
You have supernaturally acute eyesight. (SInv)
You cover ground quickly. (Speed+)
Your thick and shaggy fur keeps you warm. (AC +3, rC+)
Your paws help you pounce on unaware monsters.
You are incapable of wielding weapons or throwing items.
You cannot wear armour.
You gain extra lives every three experience levels.


Message History

Press: ? - help, Shift-Dir - straight line, f - lightning spire
Aim: a lightning spire (summoned, sheltered from injuries, friendly, not susceptible)
The ball explodes into a vile cloud!
The stinking cloud engulfs your lightning spire but does no damage.
The stinking cloud engulfs the steam dragon but does no damage.
Your lightning spire shoots out a bolt of lightning at the polar bear!
The bolt of electricity hits the polar bear.
The polar bear completely misses you. The polar bear misses you.
The polar bear completely misses you.
The steam dragon is engulfed in noxious fumes.
The steam dragon misses you. The steam dragon completely misses you.
You scratch the steam dragon but do no damage.
You bite the steam dragon.
The steam dragon is lightly wounded.
Your lightning spire shoots out a bolt of lightning at the polar bear!
The bolt of electricity hits the polar bear!
The polar bear dies!
Sif Muna accepts your kill.
The steam dragon is engulfed in noxious fumes.
The steam dragon appears confused.
You pounce on the helpless steam dragon from behind!
You mangle the steam dragon!!
You bite the steam dragon, but do no damage.
The steam dragon is almost dead.
The steam dragon misses you. The steam dragon closely misses you.
You scratch the steam dragon but do no damage.
You bite the steam dragon, but do no damage.
The steam dragon is almost dead.
Your lightning spire disappears in a puff of smoke!
The steam dragon misses you. x2
You catch the helpless steam dragon completely off-guard!
You mangle the steam dragon!!
You kill the steam dragon!
Sif Muna accepts your kill.
The steam dragon scales are intact enough to wear.
A fire dragon is nearby!
The fire dragon breathes flames at you. The blast of flame hits you!!!
Ouch! That really hurt!
You die...

#..........#..#..#....#...#..##..
......................#.....†##..
#.....÷.........##...........#...
.........#.D.....#...............
....†....##..........D.......#...
........####..#..#...######.###..
.....÷..###....####..### ####...
.<.......###...##...9.[######....
÷...............@[.......†.......
.................................
.................................
..##.............................
..##.....................P#D..§..
..###....###.#P..........##..§...
.#. ....# ############.....§....
.... ...## ##÷....§.... . ..#
##..≈...98...


You could see a fire dragon (catching breath, ally target) and a friendly
guardian golem (summoned).

Vanquished Creatures
  A red draconian (Volcano)
  Josephine (D:10)
  Maurice (D:8)
  5 elephants
  5 black mambas
  A torpor snail (Lair:5)
  7 cane toads
  A yaktaur (Volcano)
  10 rime drakes
  4 komodo dragons
  3 trolls (D:10)
  A polar bear (Lair:1)
  12 blink frogs
  A shadow (D:10)
  3 wyverns
  A wraith (D:10)
  13 yaks
  7 fire bats (Volcano)
  A basilisk (Lair:5)
  3 steam dragons (Lair:5)
  2 nagas (Lair:2)
  7 water moccasins
  2 hell hounds (Lair:2)
  An orc warrior (D:10)
  An ice beast (D:6)
  4 sky beasts
  A black bear (D:7)
  7 wolves
  A tengu (D:10)
  5 centaurs
  2 phantoms
  11 bullfrogs
  2 scorpions
  2 wights (D:8)
  2 electric eels (D:10)
  A howler monkey (D:9)
  5 lava snakes (Volcano)
  A centaur zombie (Ossuary)
  10 hounds
  A human zombie (Ossuary)
  4 jellies
  2 orc priests
  2 sleepcaps
  Natasha (thrice) (D:3)
  7 iguanas
  3 orc wizards
  A hell rat (Lair:1)
  A mummy (D:6)
  8 gnolls
  11 adders
  4 river rats (Lair:1)
  2 white imps
  2 ufetubi
  4 adder zombies (Ossuary)
  A worm (D:2)
  A dart slug (D:3)
  21 orcs
  6 ball pythons
  6 bats
  7 endoplasms
  6 giant cockroaches
  3 goblins
  4 hobgoblins
  2 quokkas
  11 frilled lizards
  11 hobgoblin zombies (Ossuary)
  A jackal zombie (Ossuary)
  7 kobolds
  8 kobold zombies (Ossuary)
  4 orc zombies (Ossuary)
  12 rats
314 creatures vanquished.

Vanquished Creatures (collateral kills)
  4 death yaks (Lair:2)
  A torpor snail (Lair:3)
  5 elephants
  4 rime drakes (Lair:5)
  A polar bear (Lair:5)
  A hornet (Lair:5)
  2 blink frogs (Lair:3)
  A steam dragon (Lair:5)
  5 nagas (Lair:2)
  2 orc warriors
  2 centaurs
  A nameless horror (Lair:2)
  5 wights (D:8)
  2 lava snakes (Volcano)
  A jelly (Lair:5)
  2 orc priests (D:10)
  A gnoll bouda (D:5)
  3 orc wizards
  A gnoll (D:5)
  16 orcs
60 creatures vanquished.

Vanquished Creatures (others)
  A centaur warrior (Volcano)
  2 death yaks
  A manticore (Lair:2)
  6 elephants
  Joseph (D:8)
  A rime drake (Lair:3)
  3 komodo dragons
  2 trolls
  A polar bear (Lair:3)
  A wind drake (Lair:2)
  2 blink frogs (Lair:1)
  2 wraiths (D:10)
  19 yaks
  A basilisk (Lair:1)
  Grum (D:8)
  A redback simulacrum (D:10)
  20 dancing weapons
  A naga (Lair:2)
  2 ice beasts
  7 wolves
  2 centaurs (D:9)
  2 bullfrogs
  A kobold brigand (D:8)
  An elf zombie (Ossuary)
  A gnoll sergeant (D:5)
  A scorpion (D:5)
  A wight (D:8)
  A human zombie (Ossuary)
  2 gnoll boudas
  3 hell rats (Lair:1)
  2 mummies (Ossuary)
  6 gnolls (D:5)
  A river rat (Lair:1)
  An orc (D:5)
  A kobold (D:8)
  A quokka (D:5)
  A goblin zombie (Ossuary)
  4 hobgoblin zombies (Ossuary)
  A rat (Lair:1)
108 creatures vanquished.

Grand Total: 482 creatures vanquished

Notes
Turn   | Place    | Note
-------+----------+-------------------------------------------
     0 | D:1      | Rogue the Felid Enchanter began the quest for the Orb.
     0 | D:1      | Reached XP level 1. HP: 7/7 MP: 4/4
   229 | D:1      | Reached XP level 2. HP: 11/11 MP: 6/6
   232 | D:1      | Learned a level 2 spell: Ensorcelled Hibernation
   289 | D:1      | Reached skill level 5 in Hexes
  1335 | D:2      | Reached XP level 3. HP: 15/15 MP: 4/7
  1422 | D:2      | Learned a level 3 spell: Confusing Touch
  1905 | D:2      | Reached XP level 4. HP: 18/18 MP: 8/8
  2008 | D:2      | Reached skill level 1 in Fighting
  2012 | D:2      | Noticed a sixfirhy
  2013 | D:2      | Found a faded altar of an unknown god.
  2195 | D:3      | Found a glowing drain.
  2230 | Sewer    | Entered a sewer
  2582 | Sewer    | Reached XP level 5. HP: 22/22 MP: 5/9
  2586 | Sewer    | Learned a level 3 spell: Tukima's Dance
  3242 | D:3      | Reached skill level 6 in Hexes
  3334 | D:3      | Reached skill level 5 in Stealth
  3537 | D:3      | Identified the ring "Qiqakk" {Contam MP+9 Dex+7 Stlth+}
  3777 | D:3      | Noticed Natasha
  3780 | D:3      | Killed Natasha
  4051 | D:3      | Noticed Natasha
  4056 | D:3      | Killed Natasha
  4057 | D:3      | Reached skill level 1 in Ice Magic
  4066 | D:3      | Noticed Natasha
  4076 | D:3      | Killed Natasha
  4122 | D:4      | Gained mutation: You are covered in thick fur. (AC +2)
                  | [Felid growth]
  4122 | D:4      | Reached XP level 6. HP: 26/26 MP: 11/11
  4247 | D:4      | Learned a level 3 spell: Summon Guardian Golem
  4735 | D:4      | Found Hoalea Gidd's Vocational Training.
  4768 | D:4      | Found a hazy altar of Hepliaklqana.
  4769 | D:4      | Found a basalt altar of Yredelemnul.
  4772 | D:4      | Found a radiant altar of Vehumet.
  4906 | D:4      | Reached XP level 7. HP: 20/30 MP: 7/13
  4909 | D:4      | Learned a level 2 spell: Blink
  5082 | D:5      | Entered Level 5 of the Dungeon
  5118 | D:5      | Reached skill level 7 in Hexes
  5239 | D:5      | Reached skill level 1 in Summonings
  5690 | D:5      | Found a staircase to the Ecumenical Temple.
  5717 | Temple   | Entered the Ecumenical Temple
  5739 | Temple   | Became a worshipper of Sif Muna the Loreminder
  5838 | D:5      | Reached skill level 8 in Hexes
  5847 | D:5      | Identified the +1 leather armour of the Unicorn {+Inv}
  6417 | D:5      | Reached XP level 8. HP: 27/34 MP: 15/15
  6520 | D:5      | Reached * piety under Sif Muna
  6680 | D:5      | Found a hide-covered altar of Uskayaw.
  6838 | D:6      | Reached skill level 1 in Invocations
  7378 | D:6      | Found a sand-covered staircase.
  7384 | Ossuary  | Entered an ossuary
  7722 | Ossuary  | Reached ** piety under Sif Muna
  7727 | Ossuary  | Reached skill level 9 in Hexes
  7735 | Ossuary  | Reached skill level 5 in Spellcasting
  8073 | Ossuary  | Learned a level 3 spell: Dazzling Flash
  8525 | D:7      | Reached XP level 9. HP: 39/39 MP: 17/17
  8999 | D:7      | Found a glowing silver altar of Zin.
  9327 | D:8      | Noticed Maurice
  9343 | D:8      | Killed Maurice
  9439 | D:8      | Noticed Grum
  9460 | D:8      | Killed Grum
  9644 | D:8      | Learned a level 3 spell: Ozocubu's Armour
  9663 | D:8      | Noticed Joseph
  9738 | D:8      | Reached skill level 10 in Hexes
  9738 | D:8      | Reached skill level 1 in Evocations
 10007 | D:8      | Noticed a troll
 10031 | D:8      | Killed a troll
 10032 | D:8      | Reached skill level 5 in Fighting
 10364 | D:8      | Reached XP level 10. HP: 26/44 MP: 21/21
 10833 | D:8      | Killed Joseph
 10834 | D:8      | Reached skill level 11 in Hexes
 11335 | D:9      | Reached *** piety under Sif Muna
 12076 | D:10     | Entered Level 10 of the Dungeon
 12088 | D:10     | Found a staircase to the Orcish Mines.
 12327 | D:10     | Found a staircase to the Lair.
 12374 | D:10     | Reached skill level 5 in Summonings
 12701 | D:10     | Reached skill level 12 in Hexes
 12808 | D:10     | Reached **** piety under Sif Muna
 12812 | D:10     | Noticed Josephine
 12831 | D:10     | Killed Josephine
 12832 | D:10     | Reached XP level 11. HP: 35/48 MP: 19/24
 12840 | D:10     | Learned a level 5 spell: Metabolic Englaciation
 13050 | D:10     | Killed from afar by an acid dragon
 13428 | D:10     | Learned a level 1 spell: Slow
 13429 | Lair:1   | Entered Level 1 of the Lair of Beasts
 13813 | Lair:1   | Reached skill level 5 in Invocations
 14144 | Lair:1   | Reached skill level 5 in Dodging
 14913 | Lair:2   | Found a dark tunnel.
 14968 | Volcano  | Entered a volcano
 14973 | Volcano  | Learned a level 3 spell: Vampiric Draining
 14997 | Volcano  | Reached ***** piety under Sif Muna
 14998 | Volcano  | Gained mutation: Your thick and shaggy fur keeps you warm.
                  | (AC +3, rC+) [Felid growth]
 14998 | Volcano  | Reached XP level 12. HP: 54/54 MP: 26/26
 15215 | Volcano  | Shot with a bolt by a yaktaur
 15250 | Volcano  | Reached skill level 13 in Hexes
 15260 | Volcano  | Noticed a red draconian
 15283 | Volcano  | Noticed a centaur warrior
 15290 | Volcano  | Killed a centaur warrior
 15405 | Volcano  | Killed a red draconian
 15426 | Volcano  | Received a gift from Sif Muna
 15427 | Volcano  | Got Togocik's Information on Posthumous Austromancy {god
                  | gift}
 15544 | Volcano  | Found a bloodstained altar of Trog.
 15631 | Lair:2   | Reached skill level 5 in Ice Magic
 15656 | Lair:2   | Reached skill level 10 in Spellcasting
 16154 | Lair:2   | Found a staircase to the Shoals.
 16208 | Lair:2   | Reached skill level 10 in Stealth
 16549 | Lair:2   | Learned a level 4 spell: Summon Lightning Spire
 16861 | Lair:2   | Found a staircase to the Snake Pit.
 16931 | Lair:2   | Noticed a death yak
 16932 | Lair:2   | Noticed a death yak
 16933 | Lair:2   | Noticed a death yak
 16946 | Lair:2   | Noticed a death yak
 16947 | Lair:2   | Noticed a death yak
 16960 | Lair:2   | Killed a death yak
 16963 | Lair:2   | Killed a death yak
 16964 | Lair:2   | Reached XP level 13. HP: 58/58 MP: 15/28
 17605 | Lair:3   | Reached skill level 5 in Unarmed Combat
 18788 | Lair:4   | Received a gift from Sif Muna
 18789 | Lair:4   | Reached skill level 14 in Hexes
 18789 | Lair:4   | Got Sif Muna's Lessons on the Planar Snowflakes {god gift}
 18824 | Lair:4   | Slain by an elephant
 18890 | Lair:4   | Reached skill level 1 in Air Magic
 19383 | Lair:5   | Entered Level 5 of the Lair of Beasts
 19633 | Lair:5   | Found a viscous altar of Jiyva.
 19843 | Lair:5   | Learned a level 3 spell: Mephitic Cloud
 20266 | Lair:5   | Found a runed translucent door.
 20266 | Lair:5   | Noticed a fire dragon
 20317 | Lair:5   | Slain by a tyrant leech
 20355 | Lair:5   | Noticed a fire dragon
 20368 | Lair:5   | Found a staircase to the Slime Pits.
 20772 | Lair:5   | Killed from afar by a fire dragon

Illustrated notes

Levels and vault maps discovered:
D:1:      matt_arrival_spirals, layout_loops_ring, minmay_octomino_j4
D:2:      layout_rooms, dreamdust_ecumenical_altar_sealed_demon,
          nicolae_eternal_life, st_stairs_6, skrybe_limestone_x,
          chequers_decorated_corner, bh_walls_and_bars
D:3:      layout_loops_ring, gup_sewer_entry_glass, uniq_natasha
D:4:      minmay_spotlight, layout_basic, gammafunk_temple_overflow_forgotten,
          nicolae_shop_vocational
D:5:      layout_loops_ring, mainiacjoe_overflow_six_doors_small,
          minmay_temple_entry_glassed_door, uniq_sigmund
D:6:      layout_gridville, gup_ossuary_entry_pyramid
D:7:      layout_cave_pods, mainiacjoe_overflow_cross_hatched
D:8:      layout_loops_cross, uniq_joseph, uniq_grum, uniq_maurice
D:9:      layout_roguey, palyth_stone_intersect
D:10:     layout_basic, erik_lair_island, minmay_orc_entry_temple_small,
          corner_web_ring, uniq_josephine
Temple:   sentei_temple_godly_chess
Lair:1:   layout_chaotic_city, nicolae_quartered_pool_medium,
          kennysheep_abandoned_house
Lair:2:   layout_loops_ring, minmay_shoals_entry_beasts,
          minmay_snake_entry_guardpost_large, enter_volcano_3,
          eino_small_chamber_without_monster, minivault_19, lemuel_fruit_tree
Lair:3:   layout_regular_city, grunt_megastairs_1
Lair:4:   layout_big_grid
Lair:5:   wormcave, layout_regular_city, hangedman_lair_caniforms_friends,
          nicolae_slime_entry_field_trip, dreamdust_deal_with_the_devil,
          bobbens_dragon_lair_wall, infiniplex_staircase_pool

Skill      XL: |  1  2  3  4  5  6  7  8  9 10 11 12 13 |
---------------+----------------------------------------+-----
Hexes          | 5 6 8 9 10 12 13 14 | 14.3
Dodging        | 3 4 5 |  5.2
Fighting       | 1 2 3 4 5 6 7 8 |  8.8
Stealth        | 5 6 7 8 9 10 11 | 11.3
Ice Magic      | 1 2 3 4 5 6 |  6.3
Unarmed Combat | 2 3 4 5 |  5.5
Spellcasting   | 3 4 5 6 8 9 10 11 | 11.8
Summonings     | 1 3 4 5 6 7 |  7.8
Invocations    | 2 3 4 5 6 7 |  7.7
Evocations     | 1 |  1.7
Air Magic      | 1 |  1.5
Conjurations   | |  0.6
Translocations | |  0.2
Poison Magic   | |  0.1

Action                     |  1- 3 |  4- 6 |  7- 9 | 10-12 | 13-15 || total
---------------------------+-------+-------+-------+-------+-------++-------
  Melee: Unarmed           |    42 |   111 |   236 |   206 |   135 ||   730
         Bite              |     2 |     6 |    36 |    30 |    23 ||    97
         Punch             |       |     2 |     7 |     8 |     6 ||    23
   Cast: Ensorcelled Hiber |    27 |    51 |    39 |   105 |    15 ||   237
         Confusing Touch   |     1 |     7 |    29 |     7 |     9 ||    53
         Tukima's Dance    |       |     6 |    44 |    35 |     3 ||    88
         Summon Guardian G |       |     1 |    34 |    76 |    14 ||   125
         Blink             |       |       |     2 |     1 |     3 ||     6
         Ozocubu's Armour  |       |       |     1 |     1 |       ||     2
         Dazzling Flash    |       |       |       |    12 |    29 ||    41
         Slow              |       |       |       |    25 |     3 ||    28
         Metabolic Englaci |       |       |       |    17 |    10 ||    27
         Summon Lightning  |       |       |       |     7 |    25 ||    32
         Vampiric Draining |       |       |       |     1 |       ||     1
         Mephitic Cloud    |       |       |       |       |    17 ||    17
  Evoke: Wand              |       |       |     8 |    28 |     4 ||    40
    Use: Scroll            |       |     8 |     8 |     1 |     3 ||    20
         Potion            |       |       |     1 |       |       ||     1
   Stab: Sleeping          |    27 |    42 |    40 |    77 |    26 ||   212
         Confused          |       |     6 |    26 |     7 |    17 ||    56
         Distracted        |       |       |     1 |     1 |       ||     2
         Invisible         |       |       |       |     7 |    14 ||    21
 Armour: Skin              |    10 |    29 |    47 |    84 |    62 ||   232
  Dodge: Dodged            |    25 |    68 |   154 |   156 |   125 ||   528
  Block: Other             |       |     2 |    31 |    51 |    22 ||   106
         Reflection        |       |       |     1 |     4 |     1 ||     6
         Form:             |       |     1 |       |       |       ||     1
         Anaconda          |       |     1 |       |       |       ||     1

Table legend: (Time is in decaauts)
 A = Elapsed time spent in this place.
 B = Non-inter-level travel time spent in this place.
 C = Inter-level travel time spent in this place.
 D = Time resting spent in this place.
 E = Time spent auto-exploring this place.
 F = Levels seen in this place.
 G = Mean time per level.
                   A        B        C        D        E       F      G
               +--------+--------+--------+--------+--------+-----+--------+
         Total |  18516 |  18038 |    478 |    419 |  12117 |  19 |  974.5 |
       Dungeon |  10500 |  10180 |    320 |     95 |   7352 |  10 | 1050.0 |
        Temple |     22 |     20 |      2 |      0 |      0 |   1 |   22.0 |
          Lair |   6049 |   5894 |    155 |    261 |   3733 |   5 | 1209.8 |
         Sewer |    776 |    776 |      0 |     49 |    547 |   1 |  776.0 |
       Ossuary |    623 |    623 |      0 |      2 |    279 |   1 |  623.0 |
       Volcano |    543 |    543 |      0 |     12 |    203 |   1 |  543.0 |
               +--------+--------+--------+--------+--------+-----+--------+

Top non-repeatable levels by time:
  Lair:2: 1864 daAuts
     D:5: 1529 daAuts
     D:8: 1453 daAuts
  Lair:1: 1282 daAuts
    D:10: 1212 daAuts
     D:2: 1101 daAuts
  Lair:5: 1040 daAuts
     D:3: 988 daAuts
     D:9: 970 daAuts
  Lair:3: 942 daAuts
  Lair:4: 920 daAuts
     D:7: 874 daAuts
     D:4: 868 daAuts
     D:1: 787 daAuts
   Sewer: 776 daAuts
